 Dungeon Crawl Stone Soup version 0.19-a0-979-g9f96267 (webtiles) character file.

119 CInkIbrahim the Poker (level 5, -9/34 HPs)
             Began as an Octopode Gladiator on July 14, 2016.
             Killed by nerve-wracking pain
             ... invoked by an orc priest
              (11 damage)
             ... on level 4 of the Dungeon.
             The game lasted 00:02:30 (2515 turns).

CInkIbrahim the Poker (Octopode Gladiator)          Turns: 2515, Time: 00:02:31

Health: -9/34      AC:  1    Str: 14    XL:     5   Next: 3%
Magic:  5/5        EV: 13    Int: 10    God:
Gold:   104        SH:  0    Dex: 14    Spells: 0 memorised, 4 levels left

rFire  + . .     SeeInvis .     a - +0 trident
rCold  . . .     Gourm    .     (no shield)
rNeg   . . .     Faith    .     b - +0 hat
rPois  .         Spirit   .     (no amulet)
rElec  .         Dismiss  .     j - ring of protection from fire
rCorr  .         Reflect  .     (no ring)
SustAt .         Harm     .     (no ring)
MR     .....                    (no ring)
Stlth  ++........               (no ring)
                                (no ring)
                                (no ring)
                                (no ring)

@: not resistant to hostile enchantments, unstealthy
A: almost no armour, amphibious, 8 rings, constrict 8, camouflage 1, gelatinous
body 1
a: no special abilities


You were on level 4 of the Dungeon.
You were hungry.

You visited 1 branch of the dungeon, and saw 4 of its levels.

You collected 104 gold pieces.

Inventory:

Hand Weapons
 a - a +0 trident (weapon)
Missiles
 c - 3 throwing nets (quivered)
 l - 11 poisoned needles
Armour
 b - a +0 hat (worn)
Jewellery
 j - a ring of protection from fire (left tentacle)
Scrolls
 h - a scroll of remove curse
 o - a scroll of teleportation {unknown}
 p - a scroll of enchant armour {unknown}
Potions
 e - a potion of curing
 f - a potion of brilliance
 g - a potion of mutation {unknown}
 i - a potion of heal wounds {unknown}
 m - a potion of beneficial mutation {unknown}
 n - a potion of berserk rage {unknown}
 q - 2 potions of ambrosia
 r - a potion of magic {unknown}
 u - a potion of flight {unknown}
Comestibles
 d - 4 bread rations
 k - 2 royal jellies
 t - 2 fruits
 w - a meat ration


   Skills:
 - Level 2.0 Fighting
 + Level 5.5 Polearms
 - Level 2.0 Throwing
 - Level 3.0 Dodging


You had 4 spell levels left.
You didn't know any spells.

Dungeon Overview and Level Annotations

Branches:
Dungeon (4/15)
 Temple: D:4-7

Altars:
Fedhas
Ru


Innate Abilities, Weirdness & Mutations

You cannot wear most types of armour.
You are amphibious.
You can wear up to eight rings at the same time.
You can use your tentacles to constrict eight enemies at once.
Your skin changes colour to match your surroundings (Stealth+).
Your rubbery body absorbs attacks. (AC +1)


Message History

Press: ? - help, Dir - move target cursor, f - orc priest
Aim: an orc priest, wielding a falchion You reach to attack!
You barely miss the orc priest.
The orc priest calls down the wrath of Beogh upon you.
Beogh smites you!
* * * LOW HITPOINT WARNING * * *
You are too injured to fight recklessly!
You are too injured to fight recklessly!
You are too injured to fight recklessly!
You puncture the orc priest! Your grab misses the orc priest.
The orc priest is heavily wounded.
The orc priest hits you with a falchion.
* * * LOW HITPOINT WARNING * * *
You hit the orc priest but do no damage.
You grab the orc priest. Your squeeze misses the orc priest.
The orc priest is heavily wounded.
You constrict the orc priest.
The orc priest calls down the wrath of Beogh upon you.
Pain shoots through your body!
You die...

#.......#
#.......#
#.......#
#..<....#
#.......#
#.......##...
#.###........
#. #.####...
#. #@# .. #
#o# #)# ...
... #...#
....# #...#


You could see an orc priest.

Vanquished Creatures
  4 adders (D:2)
  2 oozes (D:2)
  3 worms
  A dart slug (D:1)
  2 giant geckos
  5 orcs
  6 bats
  4 giant cockroaches
  6 goblins
  7 hobgoblins
  A ball python (D:3)
  3 giant newts
  8 kobolds
  5 rats
57 creatures vanquished.

Notes
Turn   | Place    | Note
-------+----------+-------------------------------------------
     0 | D:1      | CInkIbrahim the Octopode Gladiator began the quest for the Orb.
     0 | D:1      | Reached XP level 1. HP: 14/14 MP: 1/1
   275 | D:1      | Reached XP level 2. HP: 9/19 MP: 2/2
   870 | D:1      | Reached skill level 4 in Polearms
   945 | D:2      | Reached XP level 3. HP: 23/24 MP: 3/3
  1202 | D:2      | Found a sacrificial altar of Ru.
  1225 | D:2      | Reached XP level 4. HP: 29/29 MP: 4/4
  1416 | D:2      | Reached skill level 5 in Polearms
  2311 | D:3      | Found a blossoming altar of Fedhas.
  2509 | D:4      | Reached XP level 5. HP: 29/34 MP: 5/5
  2515 | D:4      | Killed from afar by an orc priest

Vault maps used:
D:1:      lightli_arrival_isolated_outpost
D:2:      nicolae_ru_awakened_eye, hex_tiny
D:3:      fedhas_altar_3
D:4:      first_bread, serial_shops, nicolae_shop_stone

Skill      XL: |  1  2  3  4 |
---------------+-------------+-----
Polearms       | 4 5 |  5.5
Fighting       | |  2.0
Throwing       | |  2.0
Dodging        | |  3.0

Action                   |  1- 3 |  4- 6 || total
-------------------------+-------+-------++-------
Melee: Trident           |    71 |    68 ||   139
       Constrict         |    15 |    14 ||    29
       Tentacles         |     9 |     7 ||    16
  Use: Scroll            |     4 |     3 ||     7
 Stab: Sleeping          |     6 |     8 ||    14
       Distracted        |     2 |     1 ||     3
  Eat: Chunk             |       |     3 ||     3
       Beef jerky        |       |     1 ||     1
Armor: Skin              |     3 |       ||     3
Dodge: Dodged            |    30 |     9 ||    39
